 Dungeon Crawl Stone Soup version 0.31-a0-237-g2d982f9f85 (webtiles) character file.

Game seed: 15346786568823851448

39 qw the Shooter (level 3, -3/21 HPs)
             Began as a Gargoyle Hexslinger on July 11, 2023.
             Slain by Natasha (5 damage)
             ... on level 2 of the Dungeon.
             The game lasted 00:00:27 (1216 turns).

qw the Shooter (Gargoyle Hexslinger)                Turns: 1216, Time: 00:00:28

Health: -3/21      AC:  5    Str: 11    XL:     3   Next: 47%
Magic:  4/4        EV: 12    Int: 13    God:
Gold:   130        SH:  0    Dex: 14    Spells: 3/4 levels left

rFire   . . .        a - +1 sling
rCold   . . .        (no shield)
rNeg    + . .        c - +0 robe
rPois   inf          (no helmet)
rElec   +            (no cloak)
rCorr   .            (no gloves)
SInv    .            (no boots)
Will    .....        (no amulet)
Stlth   +            (no ring)
HPRegen 0.23/turn    (no ring)
MPRegen 0.09/turn

%: no passive effects
@: no status effects
A: sickness immunity, AC +3, negative energy resistance 1, electricity
resistance, torment resistance 1, petrification resistance
a: no special abilities


You were on level 2 of the Dungeon.
You visited 1 branch of the dungeon, and saw 2 of its levels.

You collected 170 gold pieces.
You spent 40 gold pieces at shops.


Innate Abilities, Weirdness & Mutations

You are immune to sickness and miasma.
Your stone body is resilient. (AC +3)
You are immune to poison.
You resist negative energy. (rN+)
You are resistant to electric shocks. (rElec)
You are resistant to unholy torment.
You are immune to petrification.


   Skills:
 - Level 2.0 Fighting
 + Level 3.4 Ranged Weapons
 - Level 1.5 Dodging
 - Level 1.0 Spellcasting
 - Level 2.6 Hexes


You had 3 spell levels left.
You knew the following spells:

 Your Spells              Type           Power      Damage    Failure   Level
a - Slow                  Hex            28%        N/A       10%         1

Your spell library contained the following spells:

 Spells                   Type           Power      Damage    Failure   Level
 Inner Flame              Hex/Fire       4%         N/A       43%         3
 Portal Projectile        Hex/Tloc       8%         N/A       43%         3
 Cause Fear               Hex            3%         N/A       67%         4

Inventory:

Hand Weapons
 a - a +1 sling (weapon)
Armour
 c - a +0 robe (worn)
Jewellery
 k - a ring of magical power
Scrolls
 b - a scroll of torment {unknown}
 h - 3 scrolls of vulnerability {unknown}
 i - a scroll of identify
 m - a scroll of fear {unknown}
Potions
 e - a potion of ambrosia {unknown}
 f - a potion of might {unknown}
 g - 6 potions of curing
 j - a potion of degeneration {unknown}
 l - a potion of brilliance {unknown}

Dungeon Overview and Level Annotations

Branches:
Dungeon (2/15)

Altars:

Shops:
D:1 ?

Annotations:
D:2 Natasha


Message History

The sling bullet closely misses Natasha.
Natasha claws you.
The cerulean imp hits you from afar with a +1 spear.
Natasha closely misses you.
You shoot a sling bullet.
The sling bullet hits Natasha but does no damage.
Natasha is heavily wounded.
The cerulean imp hits you but does no damage.
Natasha barely misses you.
You shoot a sling bullet. The sling bullet misses Natasha.
The cerulean imp hits you from afar with a +1 spear.
Natasha barely misses you.
1211 ||| DRINKING potion of heal wounds.
You feel much better.
The cerulean imp hits you but does no damage.
Natasha stares at you and mumbles some strange words.
You resist with significant effort.
You shoot a sling bullet.
The sling bullet hits Natasha but does no damage.
Natasha is moderately wounded.
The cerulean imp barely misses you. Natasha casts a spell at you.
The magic dart hits you.
You shoot a sling bullet. The sling bullet hits Natasha.
Natasha is heavily wounded.
The cerulean imp closely misses you. Natasha barely misses you.
The cerulean imp hits you from afar with a +1 spear.
You shoot a sling bullet. The sling bullet barely misses Natasha.
Natasha claws you. The cerulean imp closely misses you.
Natasha barely misses you.
You shoot a sling bullet.
The sling bullet closely misses Natasha.
The cerulean imp closely misses you.
Natasha stares at you and mumbles some strange words.
The magic dart hits you.
You shoot a sling bullet.
The sling bullet closely misses Natasha.
The cerulean imp hits you from afar with a +1 spear.
Natasha claws you.
You die...

###### .....# .....#
.....#
.....###############
................@h.#
.....#############5#
###### .# .....# .#
.....##### 5#
.........# .#
##.......# ..
#.......# ##
#.......#


You could see Natasha and a cerulean imp (summoned).

Vanquished Creatures
  6 bats
  3 endoplasms
  A giant cockroach (D:2)
  4 goblins
  4 hobgoblins
  5 jackals (D:2)
  A kobold (D:2)
  A quokka (D:2)
  4 ball pythons (D:1)
  4 frilled lizards
  3 rats (D:2)
36 creatures vanquished.

Notes
Turn   | Place    | Note
-------+----------+-------------------------------------------
     0 | D:1      | qw the Gargoyle Hexslinger began the quest for the Orb.
     0 | D:1      | Reached XP level 1. HP: 12/12 MP: 2/2
     0 | D:1      | 0 ||| qw: Version: 0.3-a-52-g30416fa
     0 | D:1      | 0 ||| qw: Game counter: 5470
     0 | D:1      | 0 ||| qw: Melee chars always use a shield: true
     0 | D:1      | 0 ||| qw: God list: Okawaru
     0 | D:1      | 0 ||| qw: Allow faded altars: false
     0 | D:1      | 0 ||| qw: Do Orc after clearing Dungeon:15 true
     0 | D:1      | 0 ||| qw: Do second Lair branch before Depths: true
     0 | D:1      | 0 ||| qw: Lair rune preference: random
     0 | D:1      | 0 ||| qw: Goals: Normal
     0 | D:1      | 0 ||| PLANNING D:1-11
   218 | D:1      | Reached XP level 2. HP: 16/16 MP: 3/3
   332 | D:1      | Reached skill level 3 in Ranged Weapons
   378 | D:1      | Found The Oracle's Delphic Readings.
   382 | D:1      | 382 ||| BUYING scroll of identify (20 gold).
   382 | D:1      | Bought a scroll of identify for 20 gold pieces
   382 | D:1      | 382 ||| BUYING scroll of identify (20 gold).
   382 | D:1      | Bought a scroll of identify for 20 gold pieces
   437 | D:1      | Found a faded altar of an unknown god.
   704 | D:1      | 704 ||| DROPPING amulet of magic regeneration.
   705 | D:1      | 705 ||| DRINKING 3 grey potions.
   706 | D:1      | 706 ||| READING 2 scrolls of identify.
   706 | D:1      | 706 ||| IDENTIFYING brown potion
   707 | D:1      | 707 ||| DROPPING scroll of poison.
   854 | D:2      | Reached XP level 3. HP: 21/21 MP: 4/4
  1200 | D:2      | Noticed Natasha
  1201 | D:2      | 1201 ||| Stepping ~*~*~tactically~*~*~ (outnumbered).
  1210 | D:2      | HP: 2/21 [cerulean imp/+1 spear[Natasha] (5)]
  1211 | D:2      | 1211 ||| DRINKING potion of heal wounds.
  1215 | D:2      | HP: 4/21 [Natasha/magic dart (5)]
  1216 | D:2      | Slain by Natasha

Levels and vault maps discovered:
D:1:      giann_wishing_wells, layout_loops_ring,
          hellmonk_ecumenical_altar_leap_of_faith, nicolae_nh_oracle_at_delphi
D:2:      layout_basic, uniq_natasha

Skill      XL: |  1  2 |
---------------+-------+-----
Ranged Weapons | 3 |  3.4
Fighting       | 2 |  2.0
Dodging        | |  1.5
Spellcasting   | |  1.0
Hexes          | |  2.6

Action                     || total
---------------------------++-------
   Fire: Sling             ||   109
    Use: Potion            ||     2
         Scroll            ||     1
 Armour: Robe              ||    15
  Dodge: Dodged            ||    42

Table legend:
 A = Non-vault XP
 B = Vault XP
 C = Vault XP percentage of total XP
 D = Non-vault monster count
 E = Vault monster count
 F = Vault count percentage of total count
                 A         B        C        D         E       F
            +---------+---------+-------+---------+---------+-------
      Total |      54 |       3 |   5.3 |      34 |       2 |   5.6
            +---------+---------+-------+---------+---------+-------
        D:1 |      26 |       3 |  10.3 |      16 |       2 |  11.1
        D:2 |      28 |       0 |   0.0 |      18 |       0 |   0.0
            +---------+---------+-------+---------+---------+-------
